[Event "Early-Titled-Tuesday-Blitz-September-26-2023"]
[Site "Chess.com"]
[Date "2023.09.26"]
[Round "1"]
[White "Rital44"]
[Black "lolo9292"]
[Result "1/2-1/2"]
[WhiteElo "2557"]
[BlackElo "2179"]
[TimeControl "180+1"]
[EndTime "8:07:38 PDT"]
[Termination "Game drawn by stalemate"]

1. d4 Nf6 2. Nf3 d5 3. c4 e6 4.
Nc3 h6 5. g3 Bb4 6. Bg2 Ne4 7.
Qc2 O-O 8. O-O c6 9. Nxe4 dxe4 10. Qxe4 f5 11. Qc2 g5 12. Rd1 Qf6 13. h4 gxh4 14. Nxh4 Bd6 15. e4 fxe4 16. Be3 Nd7 17. Qxe4 e5 18.
Qg4+ Kf7 19. Qh5+ Kg7 20. dxe5 Nxe5 21. Rxd6 Qxd6 22. Bf4 Rxf4 23. gxf4 Ng6 24. Nxg6 Qxg6 25. Qe5+ Kh7 26. Re1 Bf5 27. Qc7+ Kh8 28. Re3 Re8 29. Rxe8+ Qxe8 30. Qe5+ Qxe5 31. fxe5 Kg7 32. f4 Kg6 33.
Kf2 Kh5 34. Kg3 Be6 35. b3 a5 36. Bh3 Bf7 37. Bc8 b5 38. e6 Bg6 39. Bb7 bxc4 40.
bxc4 Bf5 41. e7 Bd7 42. Bc8 Be8 43. Kf3 Kg6 44. Be6 Kf6 45. Bc8 Kxe7 46. Ke4 Kd6 47.
Kf5 Kc5 48. Be6 a4 49. Kf6 h5 50. Ke7 Bg6 51. f5 Bxf5 52. Bxf5 Kxc4 53. Kf6 Kc3 54. Kg5 c5 55. Kxh5 c4 56. Be6 a3 57.
Kg4 Kd3 58. Kf3 c3 59. Bf5+ Kd2 60. Kf4 c2 61. Bxc2 Kxc2 62. Ke3 Kb2 63. Kd2 Kxa2 64. Kc2 Ka1 65. Kc1 a2 66. Kc2 1/2-1/2

[Event "Early-Titled-Tuesday-Blitz-September-26-2023"]
[Site "Chess.com"]
[Date "2023.09.26"]
[Round "1"]
[White "AleksanderHnydiuk"]
[Black "BlueWizzard"]
[Result "1-0"]
[WhiteElo "2525"]
[BlackElo "2916"]
[TimeControl "180+1"]
[EndTime "8:07:39 PDT"]
[Termination "AleksanderHnydiuk won by resignation"]

1. e4 Nc6 2. Nf3 d6 3. d4 Bg4 4. Be3 e6 5. h3 Bh5 6. Nc3 Nf6 7. d5 exd5 8. exd5 Nb8 9. Be2 Be7 10. Nd4 Bg6 11. Qd2 c5 12. dxc6 Nxc6 13. O-O-O O-O 14. h4 h5 15. f3 d5 16. Bd3 Ne5 17. Bxg6 Nxg6 18.
Nf5 Bb4 19. a3 Ba5 20. Bd4 Rc8 21. Qg5 Rc6 22. g4 Bc7 23. Bxf6 Rxf6 24. Nxd5 Qxd5 25.
Rxd5 Bf4+ 26. Kb1 Bxg5 27. hxg5 Re6 28. gxh5 Nf4 29. Rd7 Re5 30. Ne7+ Kh7 31. g6+ Kh6 32. gxf7 Rxh5 33. Nf5+ Kg6 34. Rxh5 Nxh5 35. Nd6 Kg5 36. Re7 Kf4 37. Re8 Rxf7 38. Nxf7 Kxf3 39. Re5 Ng3 40. Rg5 Ne4 41. Rxg7 Kf4 42. Nd8 Nd2+ 43. Ka2 Nc4 44.
Rxb7 Ke5 45. Rxa7 Kd6 46. Ra4 Ne3 47. Rb4 Kc5 48. Ne6+ Kd6 49. Nf4 Nxc2 50. Nd3 Kd5 51. Rb3 Nd4 52. Nb4+ Kc5 53. Rc3+ Kb5 54. Kb1 Ka4 55.
Nd3 Nb5 56. Rc4+ Ka5 57. Rc5 Ka4 58. Rxb5 Kxb5 59. Kc2 Ka4 60. Kc3 Kb5 61. Kb3 Ka5 62.
a4 Kb6 63. Kb4 Ka6 64. a5 1-0

[Event "Early-Titled-Tuesday-Blitz-September-26-2023"]
[Site "Chess.com"]
[Date "2023.09.26"]
[Round "1"]
[White "attack2mateU"]
[Black "Fleetw00dMac"]
[Result "0-1"]
[WhiteElo "2738"]
[BlackElo "2471"]
[TimeControl "180+1"]
[EndTime "8:07:39 PDT"]
[Termination "Fleetw00dMac won by resignation"]

1. e4 e5 2. Nf3 Nc6 3. Bc4 Bc5 4. c3 Nf6 5. d3 a6 6. O-O Ba7 7. a4 d6 8. Re1 O-O 9. h3 Ne7 10. d4 exd4 11. cxd4 d5 12. e5 Ne4 13. Bd3 f5 14.
exf6 Nxf6 15. Nc3 c6 16. b3 Nf5 17. Ba3 Re8 18. Rxe8+ Qxe8 19. Qd2 Qh5 20. Re1 Bd7 21.
Ne2 Re8 22. Nf4 Rxe1+ 23. Qxe1 Qe8 24. Qb4 Bb8 25. Ne2 Bd6 26. Qxb7 Bxa3 27. Qxa6 Bd6 28.
Qb7 Qb8 29. Qxb8+ Bxb8 30. Ne5 Bxe5 31. dxe5 Ne4 32. b4 Nd2 33. a5 Nc4 34. a6 Nb6 35. a7 Kf7 36. Ba6 Ke6 37. Bb7 Kxe5 38. a8=Q Nxa8 39. Bxa8 Nd4 40. Nc1 Bc8 41. Kf1 Kd6 42. Ke1 Nc2+ 43. Kd2 Nxb4 44. Nb3 Na6 45. Nd4 Bd7 46. Bb7 Nc5 47. Ba8 Ne4+ 48. Ke3 c5 49. Ne2 Nf6 50. f3 Bc8 51. g4 Ne8 52. Nf4 Nc7 0-1

[Event "Early-Titled-Tuesday-Blitz-September-26-2023"]
[Site "Chess.com"]
[Date "2023.09.26"]
[Round "1"]
[White "Korchmar_Vasiliy"]
[Black "Er_is_geen_hoop_meer"]
[Result "0-1"]
[WhiteElo "2701"]
[BlackElo "2435"]
[TimeControl "180+1"]
[EndTime "8:07:39 PDT"]
[Termination "Er_is_geen_hoop_meer won on time"]

1. e4 g6 2. d4 Bg7 3. Nf3 c6 4. Bd3 d5 5. e5 Bg4 6. Nbd2 e6 7. h3 Bf5 8. Bxf5 gxf5 9. O-O c5 10.
dxc5 Nd7 11. Nb3 a6 12. Bf4 Qc7 13. Rc1 Ne7 14. c4 dxc4 15. Rxc4 Ng6 16. Qd6 O-O-O 17. c6 Qxd6 18. cxd7+ Kxd7 19. exd6 Rc8 20. Rb4 b5 21. a4 Rc4 22. Bd2 Rb8 23. axb5 Rxb4 24. Bxb4 Rxb5 25.
Nc5+ Kxd6 26. Nd3+ Kd5 27. Ba3 Kc4 28. Rc1+ Kxd3 29.
Rc7 Bxb2 30. Bxb2 Rxb2 31. Rxf7 a5 32. Rxh7 a4 33. Ra7 Rb4 34. g3 e5 35. h4 e4 36.
Ng5 f4 37. gxf4 Nxf4 38. Kh2 Nd5 39. Kg3 Nc3 40. h5 Rb5 41. Kg4 Nd1 42. h6 Nxf2+ 43. Kh4 e3 44. h7 Rb8 45. Rd7+ Kc2 46. Rc7+ Kd1 47. Rd7+ Ke1 48. Rg7 Rh8 49. Nf7 Rxh7+ 50. Rxh7 e2 51. Ng5 Kd2 52. Rd7+ Kc3 53. Nf3 Nd3 54.
Rc7+ Kb3 55. Re7 Nc1 56. Re3+ Kb2 57. Re8 a3 58. Nd4 a2 59. Nxe2 a1=Q 60. Rb8+ Kc2 61. Rc8+ Kd2 62. Nxc1 Qf6+ 63. Kg3 Qe5+ 64. Kh4 Qf4+ 65.
Kh3 Qf5+ 66. Kh2 Qxc8 0-1

[Event "Early-Titled-Tuesday-Blitz-September-26-2023"]
[Site "Chess.com"]
[Date "2023.09.26"]
[Round "1"]
[White "Artemiki"]
[Black "deribas12345"]
[Result "0-1"]
[WhiteElo "2192"]
[BlackElo "2570"]
[TimeControl "180+1"]
[EndTime "8:07:39 PDT"]
[Termination "deribas12345 won on time"]

1. e4 c5 2. Nf3 d6 3. d4 cxd4 4. Nxd4 Nf6 5. Nc3 a6 6. Be3 e5 7.
Nf3 Be7 8. Bc4 O-O 9. O-O Nbd7 10. Nh4 b5 11. Bb3 Nc5 12. Nf5 Bxf5 13. exf5 Nxb3 14.
axb3 d5 15. Bg5 d4 16. Bxf6 Bxf6 17. Ne4 Be7 18. Qf3 f6 19. Rfd1 Qc7 20. c3 Rfd8 21. Rd3 dxc3 22. bxc3 Kh8 23. Rad1 Rxd3 24. Rxd3 Rd8 25.
Qd1 Rxd3 26. Qxd3 g6 27. fxg6 hxg6 28. h4 Qd8 29. Qe2 Qd5 30. h5 g5 31. Ng3 Qxb3 32.
Qd3 b4 33. Nf5 Qxc3 34. Qd7 Qc1+ 35. Kh2 Qf4+ 36. Kg1 Qc1+ 37. Kh2 Qf4+ 38. Kh3 Bf8 0-1

[Event "Early-Titled-Tuesday-Blitz-September-26-2023"]
[Site "Chess.com"]
[Date "2023.09.26"]
[Round "1"]
[White "DarZay"]
[Black "Orest_Vovk"]
[Result "0-1"]
[WhiteElo "2220"]
[BlackElo "2584"]
[TimeControl "180+1"]
[EndTime "8:07:41 PDT"]
[Termination "Orest_Vovk won by resignation"]

1. e4 e6 2. d4 d5 3. Bd3 dxe4 4. Bxe4 Nf6 5. Bf3 Nbd7 6. Ne2 c5 7. c3 cxd4 8. cxd4 Qa5+ 9. Bd2 Qb6 10. Qc2 Bd6 11. O-O O-O 12. Nbc3 Qc7 13. Ng3 h6 14. Rac1 a6 15. Qb3 Qb6 16. Qxb6 Nxb6 17. Nce4 Nxe4 18.
Nxe4 Be7 19. Nc5 Nd5 20. Rfe1 Bf6 21. Nb3 Bd7 22. Bxd5 exd5 23. Rc7 Bc6 24. Bb4 Rfe8 25. Rxe8+ Rxe8 26. g3 Re2 27. Rc8+ Kh7 28. Bc3 Bd7 29. Rc7 Bh3 30. f4 Rg2+ 31. Kf1 Rxb2+ 32. Ke1 Rxa2 33. Rxb7 Kg6 34. Nc5 a5 35. Ra7 Rxh2 36. Rxa5 Rg2 37. Ra7 Rxg3 38. Kd2 Rg2+ 39. Kc1 Bf5 40. Bd2 Bxd4 41. Rc7 Bxc5 42. Rxc5 Be4 43.
Rc6+ f6 44. Re6 h5 45. Kd1 h4 46. Ke1 h3 47. Re7 h2 0-1

[Event "Early-Titled-Tuesday-Blitz-September-26-2023"]
[Site "Chess.com"]
[Date "2023.09.26"]
[Round "1"]
[White "Makswolf200817"]
[Black "Mr_Lion22"]
[Result "0-1"]
[WhiteElo "2745"]
[BlackElo "2476"]
[TimeControl "180+1"]
[EndTime "8:07:42 PDT"]
[Termination "Mr_Lion22 won by resignation"]

1. d4 Nf6 2. c4 g6 3. g3 Bg7 4.
Bg2 O-O 5. Nc3 d6 6. Nf3 Nbd7 7.
O-O e5 8. e4 Re8 9. Re1 exd4 10. Nxd4 Nc5 11. h3 a5 12. Qc2 Bd7 13. Be3 Qc8 14. Kh2 Re5 15. Nd5 Nxd5 16. cxd5 Bxh3 17. Nf3 Rh5 18. Rh1 Nxe4 19. Kg1 Bxg2 20. Kxg2 Rxh1 21. Rxh1 Nf6 22. Ng5 h6 23. Ne4 Nxd5 24. Bxh6 Qg4 25. f3 Bxh6 26. Qd1 Ne3+ 27. Kg1 Nxd1 28. fxg4 Be3+ 29.
Kg2 Nxb2 30. Rb1 Nc4 31. Rxb7 Bb6 32. Nf6+ Kg7 33. Nd5 Re8 34. g5 Re5 35. Nf4 Rxg5 36. Kf3 Ne5+ 37. Kg2 Rf5 38. a4 Nc6 39. Nd5 Rxd5 0-1

[Event "Early-Titled-Tuesday-Blitz-September-26-2023"]
[Site "Chess.com"]
[Date "2023.09.26"]
[Round "1"]
[White "MokshanovAlexey"]
[Black "Der_Balak_3Halak"]
[Result "1-0"]
[WhiteElo "2698"]
[BlackElo "2380"]
[TimeControl "180+1"]
[EndTime "8:07:42 PDT"]
[Termination "MokshanovAlexey won by checkmate"]

1. e4 e6 2. d4 d5 3. e5 f6 4. Nf3 fxe5 5. Nxe5 Nf6 6. Bd3 c5 7. c3 cxd4 8. cxd4 Nc6 9. Nxc6 bxc6 10. O-O Be7 11.
Bf4 O-O 12. Nc3 c5 13. Nb5 c4 14. Bc2 Ne8 15. Be5 a6 16. Qh5 h6 17. Qg6 Bf6 18.
Qh7+ Kf7 19. Bg6+ Ke7 20. Bxe8 Rxe8 21. Nd6 Rf8 22. Rfe1 a5 23. b3 Ra6 24. Nb5 Bxe5 25. dxe5 Rf7 26. Nd6 Qf8 27. Nxf7 Qxf7 28. bxc4 dxc4 29.
Rad1 Bb7 30. Qh8 Ra8 31. Qh7 Rf8 32. Re2 c3 33. Qd3 Bd5 34. Qxc3 Rd8 35. Qa3+ Ke8 36. Qxa5 Qg6 37. f3 Ra8 38. Qb5+ Kf8 39. Qb6 Bxf3 40.
Rf2 Kg8 41. Rxf3 Qc2 42. Rd8+ Rxd8 43. Qxd8+ Kh7 44. Qd3+ Qxd3 45. Rxd3 Kg6 46. a4 Kf5 47. Rd1 g5 48. a5 g4 49. a6 g3 50. h3 h5 51. a7 h4 52. a8=Q Kf4 53. Qf3+ Kg5 54.
Qg4+ Kh6 55. Rd4 Kh7 56. Qg5 Kh8 57. Rxh4# 1-0

[Event "Early-Titled-Tuesday-Blitz-September-26-2023"]
[Site "Chess.com"]
[Date "2023.09.26"]
[Round "1"]
[White "Andrej2004"]
[Black "Aanna12"]
[Result "1-0"]
[WhiteElo "2549"]
[BlackElo "2104"]
[TimeControl "180+1"]
[EndTime "8:07:42 PDT"]
[Termination "Andrej2004 won on time"]

1. Nf3 Nf6 2. c4 d6 3. b3 g6 4. Bb2 Bg7 5. g3 O-O 6. Bg2 e5 7. d3 Nc6 8. O-O Nh5 9. Nc3 f5 10. Nd5 Nf6 11. a3 Ne7 12. Nxf6+ Bxf6 13. d4 e4 14. Nd2 d5 15. e3 Be6 16. Qc2 Rc8 17. c5 g5 18. b4 Qe8 19. a4 f4 20. Rfb1 Qh5 21. exf4 gxf4 22. Re1 Bh3 23. Bh1 Kh8 24. Nf1 Rg8 25. Bxe4 dxe4 26. Qxe4 Bxf1 27. Qxf4 Nd5 28. Qe4 Bh3 29. Qh1 Bg4 30. Qg2 Bf3 31. Qf1 Nf4 32. Qc4 Nh3+ 33. Kf1 Ng5 34. h4 Qg4 35. Re3 Rce8 36.
hxg5 Rxe3 37. fxe3 Qh3+ 38. Ke1 Qxg3+ 39. Kd2 Bxg5 40.
d5+ Rg7 41. Bxg7+ Kxg7 42. Qd4+ Kh6 43. Kc3 Bh5 44. Rh1 Qg2 45. Re1 1-0

[Event "Early-Titled-Tuesday-Blitz-September-26-2023"]
[Site "Chess.com"]
[Date "2023.09.26"]
[Round "1"]
[White "subham777"]
[Black "GMJustin"]
[Result "1-0"]
[WhiteElo "2591"]
[BlackElo "2231"]
[TimeControl "180+1"]
[EndTime "8:07:43 PDT"]
[Termination "subham777 won on time"]

1. e4 c5 2. Nf3 d6 3. d4 cxd4 4.
Qxd4 Nf6 5. e5 Nc6 6. Bb5 Qa5+ 7. Nc3 Qxb5 8. Nxb5 Nxd4 9. Nbxd4 dxe5 10. Nxe5 a6 11.
Be3 Nd5 12. Nc4 f6 13. O-O-O e5 14. Nb3 Nxe3 15. Nxe3 Be6 16. Kb1 Be7 17. Nd5 Kf7 18.
Nxe7 Kxe7 19. Rhe1 Rhd8 20. Kc1 Rxd1+ 21. Rxd1 Rd8 22.
Rxd8 Kxd8 23. Nc5 Bd5 24. f3 Kc7 25. b3 Kd6 26. Nd3 b5 27. Kd2 f5 28. a3 e4 29.
fxe4 Bxe4 30. g3 g5 31. Ke3 a5 32. Kd4 a4 33. bxa4 bxa4 34. Nb4 h5 35. c4 Bg2 36. c5+ Ke6 37. Nd3 Bf1 38. Ne5 f4 39.
Nf3 g4 40. Ng5+ Kf5 41. gxf4 Kxf4 42. Ne6+ Kf3 43. Ng7 h4 44. Nf5 1-0

[Event "Early-Titled-Tuesday-Blitz-September-26-2023"]
[Site "Chess.com"]
[Date "2023.09.26"]
[Round "1"]
[White "pankajfm"]
[Black "Maxfan2008"]
[Result "0-1"]
[WhiteElo "2098"]
[BlackElo "2549"]
[TimeControl "180+1"]
[EndTime "8:07:43 PDT"]
[Termination "Maxfan2008 won by checkmate"]

1. d4 d5 2. Nc3 Nf6 3. Bf4 c5 4. e4 Nxe4 5. Nxe4 dxe4 6. dxc5 Qa5+ 7. c3 Qxc5 8. Qa4+ Nc6 9. Qxe4 Bf5 10. Qa4 e6 11. Nf3 Be7 12. Bb5 O-O 13. Be3 Qd6 14.
Rd1 Qc7 15. O-O Bf6 16. Bxc6 Qxc6 17. Qxc6 bxc6 18. Bd4 Be7 19. Ne5 Rfc8 20. g4 Be4 21. f3 Bg6 22. Nxg6 hxg6 23. f4 f6 24. Rfe1 Kf7 25.
Kg2 a5 26. Re2 c5 27. Bf2 a4 28. Rd7 Rd8 29. Red2 Rxd7 30. Rxd7 Ke8 31. Rc7 Rb8 32. Bxc5 Rxb2+ 33. Kf3 Bxc5 34. Rxc5 Rxh2 35. Ra5 Rxa2 36. c4 a3 37. c5 Ra1 38. Ke2 a2 39. c6 Kd8 40. Kd2 Rh1 41. Ra8+ Kc7 42. Ra7+ Kxc6 43. Rxg7 a1=Q 44. Ke3 Qc3+ 45. Kf2 Rh2+ 46. Kg1 Qg3+ 47. Kf1 Qf2# 0-1

[Event "Early-Titled-Tuesday-Blitz-September-26-2023"]
[Site "Chess.com"]
[Date "2023.09.26"]
[Round "1"]
[White "Martial2008"]
[Black "Mihajlovskij"]
[Result "1-0"]
[WhiteElo "2606"]
[BlackElo "2278"]
[TimeControl "180+1"]
[EndTime "8:07:45 PDT"]
[Termination "Martial2008 won by resignation"]

1. e4 d5 2. exd5 Qxd5 3. Nc3 Qe5+ 4. Be2 Bg4 5. d4 Bxe2 6. Ngxe2 Qa5 7. Bf4 Nf6 8. O-O Nc6 9. a3 O-O-O 10. b4 Qf5 11. Qd2 e5 12. Be3 exd4 13. Nxd4 Nxd4 14. Bxd4 Bd6 15. h3 Be5 16. Ne2 Ne4 17. Qd3 Bxd4 18.
Nxd4 Qd5 19. Rad1 Rhe8 20. Rfe1 Nd6 21. Rxe8 Rxe8 22. c3 g6 23. Qg3 f5 24. Kh2 Qa2 25.
Qd3 Qxf2 26. Nb5 Qf4+ 27. Kg1 Rd8 28. Qe2 Qe4 29. Qxe4 fxe4 30. Nxa7+ Kd7 31. Nb5 Ke6 32. Nxc7+ Ke5 33. Nb5 Nf7 34. Rxd8 Nxd8 35. Kf2 Nc6 36. Ke3 Ne7 37. Nd4 Nd5+ 38. Kd2 Kf4 39. Ne2+ Ke5 40. c4 Nb6 41. Kc3 g5 42. b5 h5 43. Kb4 Nd7 44.
a4 e3 45. a5 h4 46. a6 bxa6 47. bxa6 Nb6 48. a7 Ke4 49. c5 Na8 50. Kc4 Nc7 51. c6 Ke5 52. Kc5 Ke4 53. Kb6 Na8+ 54. Kb7 Kd3 55.
Ng1 e2 56. Nxe2 Kxe2 57. Kxa8 1-0

[Event "Early-Titled-Tuesday-Blitz-September-26-2023"]
[Site "Chess.com"]
[Date "2023.09.26"]
[Round "1"]
[White "banane_verte"]
[Black "FGHSMN"]
[Result "1-0"]
[WhiteElo "2515"]
[BlackElo "2873"]
[TimeControl "180+1"]
[EndTime "8:07:46 PDT"]
[Termination "banane_verte won by resignation"]

1. e4 e5 2. Nf3 Nc6 3. Bc4 Nf6 4. d3 h6 5. O-O d6 6. Re1 g5 7. Nc3 Bg7 8. d4 g4 9. dxe5 Nd7 10. e6 fxe6 11. Nd2 Nde5 12. Be2 Qh4 13. Nf1 O-O 14.
Ng3 Nd4 15. Be3 c5 16. Bxd4 cxd4 17. Nb5 Bd7 18. Nxd6 Bc6 19. Nc4 Rxf2 20. Kxf2 Qxh2 21. Rh1 Rf8+ 22. Bf3 gxf3 23. Rxh2 Ng4+ 24. Kg1 f2+ 25. Kh1 f1=Q+ 26. Qxf1 Rxf1+ 27. Rxf1 Nxh2 28. Kxh2 Bb5 29. b3 Ba6 30. Nh5 b5 31. Nxg7 bxc4 32. bxc4 Kxg7 33. Rb1 Bxc4 34. Rb7+ Kf6 35. Rxa7 Ke5 36. a4 Kxe4 37. a5 Kd5 38. Kg3 e5 39. Kf2 e4 40. Rh7 e3+ 41.
Ke1 Kc5 42. Rxh6 Kb4 43. a6 Bd5 44. Rd6 Bxg2 45. Rxd4+ Kb5 46. a7 Kb6 47. Ra4 Ba8 48. Ke2 Kb5 49. Ra1 Kb4 50. Kxe3 Kc3 51. Kf4 Kxc2 52.
Ke5 Kb3 53. Kd6 Kb4 54. Kc7 Kb5 55. Kb8 1-0

[Event "Early-Titled-Tuesday-Blitz-September-26-2023"]
[Site "Chess.com"]
[Date "2023.09.26"]
[Round "1"]
[White "Defenstrator"]
[Black "biostatistician"]
[Result "1-0"]
[WhiteElo "2366"]
[BlackElo "2636"]
[TimeControl "180+1"]
[EndTime "8:07:46 PDT"]
[Termination "Defenstrator won on time"]

1. Nc3 d5 2. e4 dxe4 3. Nxe4 Bf5 4. Qf3 Bg6 5. Nh3 Nc6 6. Bb5 e5 7. Nc5 Bxc5 8. Bxc6+ Kf8 9. Bxb7 e4 10. Qc3 Bd4 11. Qa3+ Ne7 12. Bxa8 Qxa8 13. O-O Bf5 14. Nf4 g5 15. Ne2 Bf6 16. Ng3 Bg6 17. d3 exd3 18. cxd3 Kg7 19. Ne4 Bxe4 20. dxe4 Qxe4 21. Be3 Nf5 22. Qxa7 Bxb2 23. Rab1 Be5 24. g3 Nh4 25. f3 Nxf3+ 26. Kf2 g4 27. Qc5 Ra8 28. a3 Qd3 29. Qc1 Rxa3 30. Bh6+ Kg6 31. Kg2 Ra2+ 32.
Rf2 Rxf2+ 33. Kxf2 Bd4+ 34. Be3 Bxe3+ 35. Qxe3 Qxb1 36.
Qc5 Qb2+ 37. Ke3 Qd2+ 38. Ke4 Qe2+ 39. Kf4 Qd2+ 40. Kxg4 Nxh2+ 41. Kh3 Nf3 42. Qc6+ Kg5 43. Qxf3 Qd7+ 44. Kg2 1-0

[Event "Early-Titled-Tuesday-Blitz-September-26-2023"]
[Site "Chess.com"]
[Date "2023.09.26"]
[Round "1"]
[White "jjlai1111"]
[Black "GM_Huschenbeth"]
[Result "0-1"]
[WhiteElo "2338"]
[BlackElo "2647"]
[TimeControl "180+1"]
[EndTime "8:07:46 PDT"]
[Termination "GM_Huschenbeth won by resignation"]

1. d4 Nf6 2. Nf3 d5 3. g3 c5 4. dxc5 e6 5. Bg2 Bxc5 6. O-O O-O 7. b3 Nc6 8. Bb2 Re8 9. Ne5 Bd6 10. Nxc6 bxc6 11.
c4 Bb7 12. Qc2 e5 13. Rd1 d4 14. e3 dxe3 15. Ba3 exf2+ 16. Kh1 Re6 17. c5 Nd5 18. Qxf2 Bf8 19. Nc3 Qa5 20. Na4 e4 21. Qe1 Qxe1+ 22. Rxe1 Rae8 23. Rad1 Ba6 24. Bc1 f5 25. Rd4 g6 26. g4 Bg7 27. gxf5 gxf5 28. Rdd1 f4 29. Bh3 R6e7 30. Bf5 f3 31. Be3 Nxe3 32. Rxe3 f2 33. Bh3 Bh6 34. Rg3+ Rg7 35. Nc3 e3 36. Bf1 Bxf1 37.
Rxf1 Rxg3 38. hxg3 e2 39. Nxe2 Rxe2 40. Kg2 Be3 41. b4 Re1 42. a4 a6 43. b5 axb5 44.
axb5 cxb5 45. c6 Rxf1 46. Kxf1 Bb6 0-1

[Event "Early-Titled-Tuesday-Blitz-September-26-2023"]
[Site "Chess.com"]
[Date "2023.09.26"]
[Round "1"]
[White "GoltsevDmitry2000"]
[Black "mapleaff"]
[Result "0-1"]
[WhiteElo "2612"]
[BlackElo "2349"]
[TimeControl "180+1"]
[EndTime "8:07:48 PDT"]
[Termination "mapleaff won by checkmate"]

1. e4 e5 2. Nf3 Nc6 3. Bb5 a6 4. Ba4 Nf6 5. O-O Be7 6. Re1 b5 7. Bb3 d6 8. c3 O-O 9. d4 Bg4 10.
d5 Na5 11. Bc2 c6 12. dxc6 Qc7 13. h3 Bh5 14. Bg5 h6 15. Bh4 Qxc6 16. Nbd2 Rad8 17. Nb3 Nc4 18. Rb1 Rfe8 19. Bd3 d5 20. Qe2 dxe4 21. Bxe4 Nxe4 22. Qxe4 Qxe4 23. Rxe4 Bg6 24. Ree1 Bxb1 25. Rxb1 Bxh4 26. Nxh4 Nd2 27. Re1 Nxb3 28. axb3 Rd2 29. b4 Rxb2 30. Ra1 Re6 31. Nf5 Rc2 32. Ne3 Rxc3 33. Rd1 g6 34. Rd8+ Kg7 35. Rd7 Rb3 36. Nd5 Rd3 37. f3 e4 38. Kf2 exf3 39. gxf3 Re5 40.
Nf6 Rxd7 41. Nxd7 Rd5 42. Nc5 a5 43. Na6 a4 44. Nc7 Rf5 45. Ne8+ Kf8 46. Nd6 a3 47.
h4 a2 48. h5 a1=Q 49. hxg6 fxg6 50. Nxf5 gxf5 51. Kg3 Qe5+ 52. Kh3 Qf4 53. Kg2 Qxb4 54. Kg3 Qc3 55. Kh4 b4 56. Kh5 Qxf3+ 57. Kh4 Qg4# 0-1

[Event "Early-Titled-Tuesday-Blitz-September-26-2023"]
[Site "Chess.com"]
[Date "2023.09.26"]
[Round "1"]
[White "giomar27"]
[Black "gau248"]
[Result "0-1"]
[WhiteElo "2254"]
[BlackElo "2594"]
[TimeControl "180+1"]
[EndTime "8:07:50 PDT"]
[Termination "gau248 won by resignation"]

1. e4 c6 2. Nf3 d5 3. exd5 cxd5 4. Ne5 Nc6 5. Bb5 Qb6 6. Nc3 Nf6 7. O-O e6 8. d4 a6 9. Bxc6+ bxc6 10. Na4 Qc7 11. f4 Bd6 12. Nc5 O-O 13. Be3 a5 14. Rf3 Ne4 15. Rh3 f6 16. Ned3 Qf7 17. Nxe4 dxe4 18. Nc5 e5 19. Nxe4 Bxh3 20. Nxd6 Qd5 21. gxh3 Qxd6 22.
dxe5 Qxd1+ 23. Rxd1 fxe5 24. fxe5 Rad8 25. Re1 Rd5 26. Bf2 Rd2 27. Bg3 Re8 28. e6 Rxc2 29. e7 Rxb2 30. Bh4 Rd2 31. Rc1 Rd6 32. Rc5 a4 33.
Ra5 h6 34. Rxa4 g5 35. Bg3 Rd1+ 36. Kf2 Rxe7 37. Ra8+ Kg7 38. a4 Rd2+ 39. Kf3 Rd3+ 40.
Kg4 Kg6 41. Rg8+ Rg7 42. Rxg7+ Kxg7 43. a5 Ra3 44. Bc7 c5 45. Kf5 c4 46. Ke4 c3 47.
Kd3 Kg6 48. Kc2 Kh5 49. Bb6 Kh4 50. Kd3 Kxh3 51. Bc7 h5 52. Kc4 c2 0-1

[Event "Early-Titled-Tuesday-Blitz-September-26-2023"]
[Site "Chess.com"]
[Date "2023.09.26"]
[Round "1"]
[White "Oleksandr_Bortnyk"]
[Black "only_strong_moves"]
[Result "1-0"]
[WhiteElo "3042"]
[BlackElo "2525"]
[TimeControl "180+1"]
[EndTime "8:07:54 PDT"]
[Termination "Oleksandr_Bortnyk won by resignation"]

1. e4 e5 2. Bc4 Nf6 3. d3 Nc6 4.
Nc3 Bc5 5. Bg5 h6 6. Bh4 g5 7. Bg3 d6 8. h4 g4 9. h5 Nh7 10. Bh4 Ng5 11. Nge2 Nd4 12. Nxd4 Bxd4 13. Ne2 Bxb2 14.
Rb1 Ba3 15. c3 c6 16. Qb3 Bc5 17. Bxf7+ Kf8 18. Bg6 d5 19. exd5 cxd5 20. d4 exd4 21.
cxd4 Be7 22. Nf4 Kg7 23. Qxd5 Rf8 24. Qxd8 Bxd8 25. Bg3 Bc7 26. Nd3 Bxg3 27. fxg3 b6 28. d5 Bf5 29. Bxf5 Rxf5 30. Nf4 Re8+ 31. Kf1 Ne4 32. Rb3 Nd2+ 33. Kf2 Nxb3 34. axb3 Rfe5 35. Rc1 R5e7 36. Rc6 Rd7 37. Rg6+ Kh7 38. Rxg4 Rf8 39. Ke3 Re8+ 40. Kd4 a5 41. Rg6 b5 42. Ra6 a4 43.
bxa4 bxa4 44. Rxa4 Rb8 45. Rc4 Rb1 46. Ke5 Re1+ 47.
Kf6 Rd6+ 48. Kf5 Rd7 49. Rc6 Ree7 50. Rf6 Rf7 51. Rxf7+ Rxf7+ 52. Ke6 Rf8 53. Ke7 Rg8 54.
d6 Rxg3 55. d7 1-0

[Event "Early-Titled-Tuesday-Blitz-September-26-2023"]
[Site "Chess.com"]
[Date "2023.09.26"]
[Round "1"]
[White "LangesNasenhaar"]
[Black "MatthewG-p4p"]
[Result "0-1"]
[WhiteElo "2478"]
[BlackElo "2825"]
[TimeControl "180+1"]
[EndTime "8:07:54 PDT"]
[Termination "MatthewG-p4p won on time"]

1. d4 Nf6 2. Nc3 d5 3. Bf4 c5 4. e4 Nxe4 5. Nxe4 dxe4 6. dxc5 Qxd1+ 7. Rxd1 Nc6 8. Bb5 f6 9. Ne2 e5 10. Be3 Be6 11. a3 f5 12. f4 exf3 13. gxf3 a6 14. Ba4 Be7 15. O-O g5 16. b4 Kf7 17. Bf2 h5 18. Rfe1 Rad8 19. Bb3 Bxb3 20. cxb3 h4 21. h3 Rhg8 22. Nc3 g4 23. Rxd8 Bxd8 24. hxg4 fxg4 25. fxg4 Rxg4+ 26. Kh2 Ke6 27. Kh3 Rf4 28. Be3 Rf3+ 29.
Kg2 Rg3+ 30. Kh2 Kf5 31. Rf1+ Ke6 32. Re1 Bg5 33. Nd1 Kf5 34. Bxg5 Kxg5 35. Re3 Kf4 36. Rxg3 hxg3+ 37. Kg2 Nd4 38. Nc3 Nxb3 39. a4 e4 40. b5 Nxc5 41. bxa6 bxa6 42. a5 Ke3 43. Nd5+ Kd4 44.
Nb4 Kc4 45. Nc2 Kd3 46. Nb4+ Kd2 47. Kxg3 e3 0-1

[Event "Early-Titled-Tuesday-Blitz-September-26-2023"]
[Site "Chess.com"]
[Date "2023.09.26"]
[Round "1"]
[White "kidagent"]
[Black "Mikhail_Golubev"]
[Result "0-1"]
[WhiteElo "2226"]
[BlackElo "2590"]
[TimeControl "180+1"]
[EndTime "8:07:54 PDT"]
[Termination "Mikhail_Golubev won by resignation"]

1. e4 c5 2. Nf3 d6 3. d4 cxd4 4. Nxd4 Nf6 5. Nc3 Nc6 6. Be2 g6 7. Be3 Bg7 8. f3 O-O 9. Qd2 Nxd4 10. Bxd4 Be6 11. O-O-O Qa5 12. Kb1 Rfc8 13. g4 Rxc3 14.
Qxc3 Qxa2+ 15. Kc1 Bh6+ 16. Be3 Rc8 17. Qxc8+ Bxc8 18. Bxh6 Qa1+ 19. Kd2 Qxb2 20. Bd3 Qb4+ 21. Ke2 a5 22. Rb1 Qc5 23. Rb5 Qc7 24. Ra1 b6 25. Be3 Nd7 26. Rab1 Ba6 27. R5b2 Bxd3+ 28. cxd3 a4 29.
Kd2 Nc5 30. Rxb6 Nb3+ 31. R6xb3 axb3 32. Rxb3 f6 33. Rb2 d5 34. f4 d4 35. Bxd4 Qxf4+ 36.
Kc3 Qxg4 37. Kc4 Qc8+ 38. Bc5 Qe6+ 39. Kc3 Kf7 40. Bd4 Qc6+ 41. Kd2 g5 42. Ke3 h5 43.
Rf2 Kg6 44. e5 f5 45. Ke2 f4 46. h4 Qe6 47. hxg5 Qg4+ 48. Kf1 Qd1+ 49. Kg2 Kxg5 50.
Bc3 Kg4 51. Bd2 f3+ 52. Kh2 Qa1 53. Be3 Qxe5+ 0-1

[Event "Early-Titled-Tuesday-Blitz-September-26-2023"]
[Site "Chess.com"]
[Date "2023.09.26"]
[Round "1"]
[White "artin10862"]
[Black "Yurasova_Daria"]
[Result "1-0"]
[WhiteElo "2891"]
[BlackElo "2502"]
[TimeControl "180+1"]
[EndTime "8:07:55 PDT"]
[Termination "artin10862 won by resignation"]

1. c4 c5 2. Nf3 b6 3. e3 Bb7 4.
d4 cxd4 5. exd4 Nf6 6. Nc3 e6 7. a3 Be7 8. d5 exd5 9. cxd5 d6 10.
Bb5+ Nbd7 11. Nd4 O-O 12. Nc6 Bxc6 13. dxc6 Ne5 14. f4 Ng6 15. O-O a6 16. Be2 d5 17.
Bf3 Bc5+ 18. Kh1 Ne7 19. b4 Bd6 20. Nxd5 Nexd5 21. Bxd5 Bxf4 22. Bxf7+ Rxf7 23. Bxf4 Qxd1 24. Raxd1 Rc8 25. c7 Nd7 26. Bg3 Rxf1+ 27. Rxf1 b5 28. Rd1 Nb6 29. Bf2 Rxc7 30. Bxb6 Rc3 31. h3 Rxa3 32. Rd8+ Kf7 33. Rd7+ Kg6 34. Bd4 Rb3 35. Rd6+ Kf5 36. Bc5 Ra3 37. Kh2 g5 38. Rh6 g4 39.
Rh5+ Kg6 40. hxg4 Rc3 41. Rd5 Rc4 42. Kg3 Rc3+ 43. Kh4 Rc2 44. Rd6+ Kg7 45. Rxa6 Rxg2 46. Kg5 Rd2 47. Ra7+ Kg8 48. Rb7 Rd5+ 49. Kf4 1-0